Map: Emerald City LE

Players

Nico

  • Race: Terran Terran
  • Spawn Location: 5:00

Alesk

  • Race: Protoss Protoss
  • League: Diamond
  • Spawn Location: 5:00

Massa

  • Race: Terran Terran
  • League: Platinum
  • Spawn Location: 11:00

qqq

  • Race: Zerg Zerg
  • Spawn Location: 11:00

VOD

Have the link to the VOD?

Description

Time

  • Played on: Nov. 6, 2020, 2:54 p.m.
  • Length: 18:35
Show
View Real Time Build Order
Export as new Build Order

Nico Terran 

Build Orders:  

Get SALT Encoding   

  12  0:02  SCV  
  13  0:14  SCV  
  14  0:20  Supply Depot  
  14  0:26  SCV  
  15  0:29  Refinery  
  15  0:41  SCV  
  16  0:45  Barracks  
  16  0:53  SCV  
  17  1:08  SCV  
  18  1:24  SCV  
  18  1:44  Orbital Command, Barracks  
  18  1:46  Barracks  
  18  1:53  Barracks Reactor  
  18  2:12  Supply Depot  
  18  2:13  SCV  
  19  2:31  Marine  
  19  2:32  Marine  
  19  2:34  Barracks Reactor  
  21  2:43  Barracks Reactor  
  21  2:47  Command Center  
  21  2:48  Marine  
  21  2:50  Marine  
  23  2:52  SCV  
  24  3:04  SCV  
  25  3:06  Marine  
  25  3:08  Marine  
  27  3:15  Refinery  
  27  3:16  SCV  
  28  3:21  Marine x3  
  31  3:34  Factory  
  31  3:49  Supply Depot  
  31  3:58  SCV, Marine x5  
  37  4:05  Orbital Command  
  37  4:10  SCV  
  38  4:17  Marine x2  
  38  4:20  Marine  
  38  4:23  SCV, Marine  
  43  4:25  Factory Reactor  
  43  4:35  Starport  
  43  4:39  SCV  
  43  4:40  SCV  
  43  4:44  Marine x2  
  47  4:46  Marine  
  47  4:48  Marine  
  47  4:50  Marine  
  50  4:54  Marine  
  50  4:56  SCV  
  52  5:12  Supply Depot  
  52  5:15  Supply Depot  
  52  5:30  Medivac  
  52  5:34  Medivac  
  56  5:36  SCV x2  
  58  5:48  SCV x2  
  60  6:00  SCV x2  
  62  6:06  Engineering Bay  
  62  6:08  Marine  
  62  6:09  Marine x5  
  62  6:10  Engineering Bay  
  68  6:12  SCV x2  
  70  6:24  SCV  
  71  6:26  Marine x2  
  71  6:27  Marine x4  
  71  6:31  Command Center  
  77  6:44  Marine  
  78  6:49  Barracks, Terran Infantry Weapons Level 1  
  78  6:51  Terran Infantry Armor Level 1, Barracks  
  78  6:57  Marine  
  78  6:59  Marine x2  
  74  7:36  SCV x2  
  73  7:42  Missile Turret  
  73  7:48  SCV x2  
  75  7:54  Marine  
  75  7:55  Marine x2  
  77  8:00  SCV  
  69  8:14  SCV x2  
  69  8:18  Barracks Tech Lab  
  69  8:19  Barracks Tech Lab  
  70  8:26  SCV x2, Armory, Medivac x2  
  76  8:29  Marine  
  76  8:30  Marine x2  
  79  8:38  SCV x2  
  79  8:55  SCV x2  
  80  9:07  SCV  
  79  9:22  Command Center  
  62  9:51  Missile Turret  
  62  10:07  Command Center  
  62  10:15  Marine x4  
  62  10:16  Marine x2  
  62  10:19  Stimpack  
  62  10:20  Combat Shield  
  68  10:23  Marine x2  
  68  10:26  Terran Infantry Weapons Level 2  
  68  10:27  Terran Infantry Armor Level 2  
  68  10:28  Missile Turret  
  70  10:33  Marine x5  
  70  10:34  Marine  
  76  10:40  Orbital Command, Marine  
  76  10:41  Marine  
  78  10:45  SCV  
  79  10:50  Marine  
  79  10:51  Marine  
  81  10:57  SCV  
  81  10:59  Missile Turret  
  82  11:06  Medivac  
  82  11:09  SCV  
  82  11:10  SCV  
  86  11:21  SCV  
  86  11:25  Orbital Command  
  72  11:49  Marine x3  
  72  11:50  Marine x5  
  80  11:54  Missile Turret  
  80  12:07  Marine x4  
  80  12:08  Marine x3  
  85  12:09  SCV x3  
  90  12:21  SCV x3  
  93  12:27  Barracks  
  93  12:30  Barracks  
  93  12:32  Barracks  
  93  12:33  SCV x3, Medivac  
  98  12:37  Barracks  
  98  12:43  Missile Turret  
  98  12:45  SCV x3  
  101  13:03  Command Center  
  101  13:10  Marine x4, Missile Turret  
  101  13:11  Marine x4, Missile Turret  
  109  13:28  Supply Depot  
  109  13:29  Supply Depot  
  109  13:31  Missile Turret, Supply Depot  
  109  13:34  Supply Depot  
  109  13:46  Marine  
  109  13:49  Marine x4, Medivac x2  
  109  13:50  Marine x3  
  120  14:05  Marauder  
  122  14:19  Medivac  
  121  14:26  Marine  
  121  14:27  Marine x6  
  121  14:28  Marine  
  118  14:44  Marine  
  118  14:45  Marine x3  
  63  15:39  Orbital Command  
  63  15:42  SCV  
  64  15:49  Orbital Command, Command Center  
  64  15:54  SCV  
  65  15:59  Marine x3  
  68  16:06  SCV  
  69  16:11  Medivac  
  69  16:12  Medivac  
  73  16:18  SCV  
  73  16:24  SCV x2  
  76  16:31  SCV  
  77  16:36  SCV x2  
  78  16:41  Medivac  
  78  16:43  SCV  
  81  16:48  SCV  
  82  17:05  Marine x3  
  82  17:06  Marine  
  86  17:23  Marine x4  
  78  17:41  Marine x4  
  79  17:58  Marine  
  79  17:59  Marine x3  
  79  18:16  Marine  
  79  18:17  Marine  
Show
View Real Time Build Order
Export as new Build Order

Alesk Protoss 

Build Orders: 1 Gate Expand, Phoenix Opening, Carriers, Mass Phoenix 

Get SALT Encoding   

  12  0:01  Probe  
  13  0:13  Probe  
  14  0:25  Probe  
  14  0:26  Pylon  
  15  0:44  Probe (Chrono Boost)  
  16  0:52  Gateway  
  16  0:56  Probe (Chrono Boost)  
  17  1:00  Assimilator  
  17  1:04  Probe (Chrono Boost)  
  18  1:16  Probe  
  19  1:26  Nexus  
  19  1:34  Assimilator  
  19  1:40  Pylon  
  19  1:42  Probe  
  20  1:51  Cybernetics Core  
  20  1:59  Probe  
  21  2:12  Probe  
  22  2:19  Forge  
  22  2:24  Probe  
  23  2:30  Stargate  
  23  2:35  Assimilator  
  23  2:36  Probe  
  24  2:42  Probe  
  25  2:48  Probe  
  26  2:52  Shield Battery  
  26  2:54  Probe  
  27  3:04  Probe  
  28  3:05  Photon Cannon  
  28  3:08  Probe  
  29  3:16  Probe  
  29  3:17  Phoenix  
  32  3:29  Probe, Stargate  
  32  3:31  Probe  
  34  3:41  Probe  
  35  3:45  Assimilator  
  35  3:47  Probe, Pylon  
  36  3:52  Phoenix  
  38  4:00  Probe  
  39  4:05  Probe  
  40  4:12  Probe  
  41  4:17  Probe  
  41  4:21  Phoenix x2  
  46  4:24  Probe  
  46  4:29  Probe  
  48  4:37  Probe  
  48  4:38  Protoss Air Weapons Level 1 (Chrono Boost)  
  49  4:41  Probe  
  50  4:49  Probe  
  50  4:50  Phoenix  
  53  4:57  Pylon  
  53  5:15  Phoenix  
  55  5:21  Fleet Beacon  
  55  5:24  Stargate  
  55  5:29  Pylon  
  55  5:30  Probe x2  
  55  5:32  Phoenix  
  59  5:40  Phoenix  
  59  5:42  Nexus  
  61  5:46  Probe  
  61  5:47  Probe  
  63  5:57  Pylon  
  63  5:59  Pylon  
  63  6:02  Pylon  
  63  6:09  Void Ray x2 (Chrono Boost)  
  69  6:41  Void Ray (Chrono Boost)  
  69  6:43  Probe, Void Ray x2 (Chrono Boost)  
  69  6:45  Probe  
  75  6:49  Photon Cannon  
  75  6:51  Photon Cannon  
  75  6:53  Protoss Air Weapons Level 2 (Chrono Boost)  
  79  6:55  Probe  
  79  6:57  Photon Cannon  
  79  6:58  Photon Cannon  
  80  7:08  Shield Battery  
  79  7:11  Shield Battery  
  66  7:42  Void Ray x3  
  74  7:54  Robotics Facility  
  74  8:04  Pylon  
  74  8:05  Probe x2  
  76  8:13  Nexus  
  76  8:15  Pylon  
  76  8:19  Void Ray, Pylon  
  76  8:24  Probe x3  
  83  8:36  Probe x2  
  83  8:39  Pylon  
  85  8:43  Pylon  
  85  8:44  Void Ray x2  
  85  8:47  Pylon  
  93  9:05  Photon Cannon  
  93  9:08  Void Ray  
  96  9:22  Probe x2, Photon Cannon  
  96  9:24  Photon Cannon  
  98  9:25  Probe x2  
  98  9:29  Protoss Air Weapons Level 3 (Chrono Boost)  
  100  9:33  Assimilator  
  100  9:34  Probe, Void Ray  
  100  9:36  Assimilator  
  101  9:40  Flux Vanes  
  101  9:41  Photon Cannon  
  101  9:42  Photon Cannon  
  101  9:43  Observer  
  101  9:44  Photon Cannon  
  106  9:46  Photon Cannon  
  106  9:51  Pylon  
  104  10:05  Photon Cannon  
  104  10:08  Photon Cannon x2  
  104  10:09  Void Ray  
  104  10:10  Photon Cannon  
  104  10:14  Photon Cannon  
  104  10:16  Photon Cannon  
  104  10:17  Photon Cannon  
  96  10:30  Void Ray x2  
  92  10:39  Probe x3  
  103  10:43  Assimilator  
  103  10:46  Void Ray  
  103  10:47  Assimilator  
  103  10:50  Shield Battery  
  103  10:52  Shield Battery  
  103  10:54  Shield Battery  
  107  10:57  Pylon  
  107  10:58  Probe x2, Pylon  
  107  11:01  Pylon  
  109  11:05  Probe x2  
  109  11:07  Void Ray  
  109  11:10  Probe  
  112  11:12  Probe  
  112  11:13  Void Ray  
  112  11:17  Probe  
  122  11:29  Photon Cannon  
  122  11:31  Photon Cannon  
  122  11:34  Shield Battery  
  122  11:37  Shield Battery  
  122  11:38  Observer  
  122  11:39  Carrier, Shield Battery  
  129  11:50  Carrier, Void Ray  
  135  11:54  Stargate x2  
  139  12:07  Protoss Air Armor Level 1 (Chrono Boost)  
  139  12:12  Pylon x2  
  139  12:14  Pylon  
  139  12:16  Pylon  
  139  12:19  Pylon  
  139  12:24  Probe x2  
  139  12:27  Void Ray  
  141  12:30  Photon Cannon  
  141  12:32  Photon Cannon, Void Ray  
  141  12:33  Void Ray  
  141  12:36  Photon Cannon  
  145  12:37  Void Ray  
  156  12:50  Probe x2  
  158  12:51  Void Ray  
  162  13:04  Void Ray  
  162  13:09  Void Ray  
  162  13:10  Void Ray  
  173  13:27  Pylon  
  173  13:29  Mothership (Chrono Boost)  
  173  13:32  Pylon  
  157  14:05  Pylon  
  157  14:06  Pylon  
  163  14:35  Carrier (Chrono Boost)  
  163  14:36  Carrier x2 (Chrono Boost)  
  159  14:39  Carrier (Chrono Boost)  
  150  15:16  Carrier (Chrono Boost)  
  148  15:34  Carrier (Chrono Boost)  
  150  15:40  Carrier  
  150  15:41  Carrier x2, Pylon  
  150  15:42  Forge  
  168  15:43  Pylon  
  168  15:49  Pylon  
  168  15:50  Pylon  
  168  15:57  Pylon  
  168  15:59  Pylon  
  168  16:01  Assimilator  
  133  16:38  Carrier x2  
  145  16:43  Observer  
Show
View Real Time Build Order
Export as new Build Order

Massa Terran 

Build Orders: 2 Factory, Gas First Reaper Expand 

Get SALT Encoding   

  12  0:00  SCV  
  13  0:12  SCV  
  14  0:23  Supply Depot  
  14  0:24  SCV  
  15  0:35  Refinery  
  15  0:45  SCV  
  15  0:46  Barracks  
  16  0:57  SCV  
  17  1:09  SCV  
  18  1:30  Command Center  
  18  1:34  Reaper  
  19  1:42  Orbital Command  
  19  1:53  Supply Depot  
  19  2:06  Marine  
  19  2:08  SCV  
  21  2:22  Factory  
  21  2:28  SCV  
  22  2:31  Barracks Reactor  
  22  2:34  Refinery  
  22  2:40  SCV  
  23  2:47  Orbital Command  
  23  2:53  SCV  
  24  3:05  SCV  
  25  3:07  Factory  
  25  3:17  SCV x2  
  27  3:20  Barracks Tech Lab  
  27  3:24  Armory  
  27  3:29  SCV x2  
  27  3:31  Widow Mine x2  
  33  3:47  SCV x2  
  35  3:51  Barracks Tech Lab  
  35  3:52  Widow Mine  
  35  3:53  Widow Mine  
  39  3:57  Refinery  
  39  3:59  SCV x2  
  41  4:04  Barracks  
  41  4:11  SCV x2  
  41  4:12  Widow Mine  
  41  4:16  Drilling Claws  
  45  4:21  Supply Depot  
  45  4:23  SCV, Supply Depot  
  46  4:35  Stimpack  
  46  4:42  Widow Mine x3, SCV x2  
  54  4:46  Marine  
  55  4:53  Barracks Reactor  
  55  4:54  SCV x2  
  57  5:02  Engineering Bay  
  57  5:04  Widow Mine x3  
  57  5:06  Marine  
  62  5:09  SCV  
  62  5:36  Supply Depot x2  
  62  5:38  Supply Depot  
  62  5:39  Supply Depot  
  62  5:58  Widow Mine x3  
  62  6:00  Supply Depot  
  68  6:09  Refinery  
  68  6:13  Marauder, Marine x2  
  68  6:17  SCV  
  73  6:18  SCV  
  73  6:19  Widow Mine x2  
  73  6:20  Command Center  
  77  6:31  Marine x2  
  79  6:34  Marauder  
  81  6:48  Marine  
  82  6:55  Marauder  
  80  7:10  Marine x2  
  80  7:12  Siege Tank  
  80  7:14  Widow Mine x2  
  89  7:17  Marauder  
  91  7:28  Marine x2  
  93  7:34  SCV x2  
  93  7:35  Widow Mine  
  91  7:38  Marauder  
  91  7:44  Missile Turret, Siege Tank  
  93  7:45  Marine  
  93  7:46  SCV x2  
  93  7:47  Missile Turret  
  93  7:48  Missile Turret  
  93  7:49  Marine  
  100  7:58  SCV x2  
  102  7:59  Starport  
  102  8:02  Marauder  
  102  8:03  Marine  
  102  8:05  Missile Turret  
  97  8:06  Supply Depot  
  97  8:07  Marine  
  97  8:08  Missile Turret  
  97  8:09  Supply Depot  
  98  8:24  Marauder  
  98  8:26  SCV x2  
  102  8:31  Widow Mine x2  
  102  8:34  Concussive Shells  
  106  8:38  SCV x2  
  108  8:43  Terran Infantry Weapons Level 1  
  108  8:45  Marauder, Medivac  
  112  8:50  SCV  
  112  8:53  Widow Mine  
  115  9:00  Orbital Command  
  115  9:09  SCV x2  
  117  9:11  Command Center  
  117  9:21  SCV  
  114  9:47  Marauder, Marine x2  
  114  9:51  Siege Tank  
  114  9:52  Widow Mine x2  
  125  9:57  SCV x3  
  122  10:05  Marine x2  
  122  10:08  Marauder  
  122  10:09  SCV x3  
  122  10:14  Widow Mine x2  
  131  10:21  SCV x2  
  131  10:23  Barracks, Marine, Siege Tank  
  131  10:26  Barracks  
  131  10:27  Barracks  
  137  10:28  Barracks  
  137  10:30  Marauder  
  137  10:33  SCV x2  
  137  10:34  SCV  
  137  10:35  Planetary Fortress  
  142  10:43  Marine x2, Missile Turret  
  142  10:44  Missile Turret  
  144  10:51  Marauder  
  144  10:56  Barracks  
  146  11:01  Marine  
  146  11:03  Missile Turret  
  147  11:04  Factory Tech Lab  
  147  11:05  Missile Turret  
  147  11:08  Supply Depot  
  147  11:09  Terran Infantry Weapons Level 2, Terran Vehicle And Ship Armor Level 1, Supply Depot  
  147  11:10  Supply Depot  
  147  11:13  Engineering Bay  
  147  11:17  Barracks  
  147  11:22  Barracks Reactor, Barracks Tech Lab x2, Barracks  
  147  11:23  Barracks Reactor  
  147  11:24  Command Center  
  147  11:26  Marine, Missile Turret  
  147  11:29  Marine, Siege Tank  
  147  11:30  Marauder  
  154  11:33  Supply Depot  
  154  11:34  Supply Depot  
  154  11:36  Supply Depot  
  152  11:44  Marine  
  153  11:47  Marine, Combat Shield  
  153  11:51  Marauder  
  156  11:56  Supply Depot  
  156  11:59  Supply Depot  
  156  12:00  Supply Depot  
  152  12:02  Marine  
  153  12:13  Siege Tank x2  
  159  12:17  Marauder  
  159  12:18  Marauder x2, Marine x4  
  159  12:19  Marine  
  159  12:20  Supply Depot  
  159  12:21  Terran Infantry Armor Level 1  
  170  12:24  Supply Depot  
  170  12:27  SCV x4  
  174  12:34  Refinery x2  
  174  12:39  SCV x3, Marauder x3, Planetary Fortress  
  174  12:43  Missile Turret  
  183  12:45  Siege Tank x2  
  189  13:00  Marauder x2  
  189  13:01  Marauder  
  189  13:03  Terran Vehicle Weapons Level 1  
  189  13:04  Missile Turret  
  195  13:09  Marine x2  
  195  13:11  Starport Reactor  
  197  13:14  Marine  
  197  13:15  Marine x2  
  200  13:25  Missile Turret  
  200  13:40  Missile Turret x2  
  200  13:41  Missile Turret x2  
  200  13:42  Missile Turret x3  
  200  13:47  Missile Turret  
  193  14:57  Terran Vehicle And Ship Armor Level 2  
  162  15:09  Marine  
  162  15:10  Marine x12  
  157  15:20  Siege Tank  
  157  15:21  Siege Tank  
  136  15:25  Refinery  
  136  15:27  Refinery, Marine  
  136  15:28  Marine x10  
  108  15:29  Marauder x2  
  120  15:45  Marine  
  120  15:46  Marauder, Marine  
  124  15:53  Siege Tank x2  
  130  16:09  Factory  
  130  16:11  Factory x2  
  130  16:23  Factory  
  130  16:24  Thor  
  130  16:25  Thor  
  142  16:28  Factory  
  142  16:36  Marine  
  142  16:37  Marauder x3, Marine x2  
  142  16:38  Marine x7  
  156  16:51  Armory  
  156  16:54  Marine x2  
  156  16:55  Marine x2  
  156  16:56  Marine x6  
  156  16:57  Factory Tech Lab x3  
  156  16:58  Marauder  
  156  16:59  Marauder x2  
  168  17:07  Thor x2  
  180  17:12  Marine x2  
  164  17:20  Marauder x3  
  128  17:36  Thor x3  
  119  17:39  Factory Tech Lab  
  119  17:41  Marauder  
  104  17:49  Marine x3  
  104  17:50  Marine x3, Thor x2  
  115  18:02  Marine  
  116  18:07  Marine x6  
  119  18:19  Factory Tech Lab  
Show
View Real Time Build Order
Export as new Build Order

qqq Zerg 

Build Orders: Hatch First 

Get SALT Encoding   

  12  0:01  Drone  
  13  0:08  Drone  
  14  0:37  Hatchery  
  13  0:44  Drone  
  14  1:05  Spawning Pool  
  14  1:06  Extractor  
  14  1:08  Overlord  
  12  1:18  Drone x2  
  14  1:32  Drone  
  15  1:33  Drone  
  16  1:47  Drone  
  16  1:51  Drone  
  16  1:53  Drone  
  21  1:56  Queen  
  21  2:03  Drone  
  22  2:19  Drone  
  22  2:20  Drone  
  22  2:21  Drone  
  25  2:23  Queen  
  25  2:24  Drone  
  28  2:32  Overlord  
  28  2:40  Lair  
  28  2:46  Overlord  
  28  2:50  Extractor, Drone  
  28  3:06  Drone  
  28  3:07  Drone x2  
  28  3:08  Drone x3  
  28  3:11  Zergling x2  
  35  3:18  Extractor  
  35  3:19  Drone  
  35  3:22  Drone  
  35  3:25  Drone  
  37  3:34  Overlord  
  37  3:39  Spire  
  37  3:41  Drone x2  
  38  3:44  Drone  
  39  3:51  Extractor  
  39  3:52  Drone x3  
  41  3:56  Drone  
  42  4:03  Drone  
  42  4:07  Drone x2  
  42  4:08  Drone  
  46  4:26  Drone x2  
  46  4:30  Drone x2  
  50  4:32  Hatchery, Overlord  
  50  4:33  Overlord  
  50  4:35  Overlord  
  50  4:38  Overlord  
  49  4:45  Overlord  
  49  4:53  Mutalisk, Corruptor  
  49  4:56  Corruptor  
  55  5:01  Zerg Flyer Weapons Level 1  
  55  5:05  Drone  
  56  5:08  Corruptor  
  56  5:13  Corruptor  
  60  5:19  Corruptor  
  60  5:20  Mutalisk  
  64  5:26  Corruptor  
  66  5:31  Mutalisk  
  68  5:44  Drone  
  69  5:56  Mutalisk  
  71  6:00  Drone  
  71  6:04  Spore Crawler  
  71  6:05  Drone x2  
  70  6:16  Corruptor x2  
  67  6:38  Drone, Spore Crawler  
  67  6:40  Drone x2  
  67  6:42  Spore Crawler  
  67  6:43  Mutalisk x2, Corruptor  
  67  6:44  Spore Crawler  
  67  6:46  Drone x3  
  76  6:49  Spore Crawler  
  76  6:50  Drone  
  76  6:55  Zerg Flyer Armor Level 1  
  76  6:57  Mutalisk  
  78  7:01  Zergling x2  
  78  7:06  Drone  
  78  7:07  Spore Crawler  
  79  7:08  Mutalisk  
  79  7:10  Overlord x3  
  79  7:11  Hatchery  
  80  7:16  Drone x2  
  80  7:17  Spore Crawler  
  80  7:30  Hatchery  
  75  7:44  Mutalisk x2, Corruptor x2  
  73  7:46  Drone x3  
  84  7:57  Corruptor x2  
  88  8:00  Drone  
  88  8:01  Queen  
  88  8:04  Extractor x2  
  89  8:10  Corruptor  
  92  8:12  Zergling x2  
  92  8:13  Zergling x8  
  92  8:14  Drone  
  92  8:17  Metabolic Boost  
  97  8:26  Drone x2  
  99  8:33  Drone, Corruptor  
  100  8:34  Mutalisk  
  104  8:45  Spine Crawler  
  102  8:49  Mutalisk x2  
  98  9:15  Mutalisk x2  
  98  9:16  Mutalisk x2  
  106  9:17  Zergling x10  
  106  9:18  Drone x2  
  106  9:47  Mutalisk x3  
  112  9:53  Overlord x3  
  112  9:54  Overlord x4  
  108  10:01  Drone x3  
  108  10:02  Drone  
  108  10:05  Drone, Spore Crawler  
  108  10:06  Spine Crawler  
  111  10:07  Overlord x2  
  111  10:11  Mutalisk  
  111  10:12  Mutalisk  
  115  10:16  Zerg Flyer Armor Level 2  
  115  10:18  Infestation Pit  
  86  10:35  Spore Crawler  
  86  10:37  Mutalisk x3  
  86  10:39  Overlord  
  86  10:40  Drone x3  
  86  10:41  Drone x3  
  97  10:45  Spore Crawler  
  97  10:46  Spore Crawler  
  97  10:49  Queen  
  97  10:51  Mutalisk x3  
  103  11:01  Extractor  
  103  11:03  Extractor  
  101  11:04  Mutalisk x2, Spore Crawler  
  101  11:06  Zergling x4  
  101  11:07  Zergling x2  
  101  11:10  Drone x4  
  111  11:23  Mutalisk x2  
  111  11:24  Mutalisk  
  117  11:25  Drone x2  
  117  11:26  Drone  
  117  11:27  Drone  
  119  11:46  Drone x2, Baneling Nest  
  119  11:47  Mutalisk x3  
  125  11:59  Mutalisk x2  
  129  12:03  Hatchery  
  128  12:12  Drone x2  
  128  12:13  Drone  
  131  12:17  Mutalisk, Corruptor  
  131  12:18  Corruptor  
  137  12:31  Centrifical Hooks  
  137  12:32  Zerg Flyer Weapons Level 2  
  137  12:33  Baneling  
  137  12:34  Baneling x7  
  137  12:35  Baneling x2  
  137  12:36  Zergling x10  
  137  12:37  Zergling x6  
  144  12:38  Drone x3  
  148  12:45  Corruptor x2  
  152  12:52  Hive  
  152  12:53  Overseer  
  152  12:56  Pneumatized Carapace  
  152  13:02  Baneling x3  
  152  13:03  Baneling x3  
  152  13:08  Baneling  
  152  13:09  Baneling x4  
  152  13:11  Baneling  
  152  13:13  Drone x3  
  152  13:17  Spore Crawler  
  152  13:18  Spore Crawler x2  
  152  13:20  Drone  
  152  13:21  Spore Crawler  
  152  13:24  Spine Crawler  
  152  13:25  Spore Crawler  
  150  13:27  Baneling x2  
  150  13:28  Baneling x2  
  150  13:34  Corruptor x3  
  138  13:58  Mutalisk x2  
  138  13:59  Zergling x6  
  138  14:00  Zergling x8  
  138  14:01  Drone x2, Mutalisk x3  
  138  14:02  Mutalisk  
  158  14:12  Spine Crawler  
  158  14:14  Spine Crawler  
  144  14:22  Mutalisk x5  
  125  14:33  Mutalisk x3  
  119  14:41  Spore Crawler  
  119  14:43  Spine Crawler  
  119  14:45  Zergling x8, Spore Crawler  
  92  15:23  Hatchery, Corruptor x2  
  92  15:24  Mutalisk x6  
  107  15:32  Zergling x2  
  100  16:03  Hatchery  
  99  16:07  Mutalisk x4  
  99  16:08  Mutalisk  
  107  16:13  Mutalisk x2  
  107  16:14  Zergling x2  
  77  16:34  Corruptor x2  
  77  16:35  Mutalisk  
  77  16:37  Drone  
  80  16:56  Viper  
  76  17:16  Mutalisk x2, Corruptor  
  80  17:28  Corruptor x2  
  80  17:30  Drone x5  
  81  17:40  Corruptor  
  77  17:47  Drone x2  
Tags
 
Add a new tag
Caveats
  • Supply blocks, unpowered buildings, or Contaminate may cause inaccurate times.
  • Supply counts are checked every 10 seconds.